 Dungeon Crawl Stone Soup version 0.31-a0-4-gefa6de2278 (webtiles) character file.

Game seed: 12136582625734324641

75 bobo the Magician (level 4, -5/34 HPs)
             Began as a Djinni Conjurer on May 4, 2023.
             Slain by a black bear (6 damage)
             ... on level 3 of the Dungeon.
             The game lasted 00:03:41 (1972 turns).

bobo the Magician (Djinni Conjurer)                 Turns: 1972, Time: 00:03:41

Health: -5/34      AC:  2    Str:  6    XL:     4   Next: 55%
Gold:   125        EV: 12    Int: 22    God:
                   SH:  0    Dex: 11

rFire   + + .        g - +10 hand axe "Loopy" {heavy, rC+}
rCold   . . .        (no shield)
rNeg    . . .        a - +0 robe
rPois   ∞            (no helmet)
rElec   .            (no cloak)
rCorr   .            (no gloves)
SInv    .            (boots unavailable)
Will    .....        (no amulet)
Stlth   ++           (no ring)
HPRegen 0.25/turn    (no ring)
MPRegen 0.00/turn

%: infuse magic (-6 HP)
@: flying
A: sickness immunity, fire resistance 2, cold vulnerability 1, float, innate
caster, HP casting, extra vitality 1
a: no special abilities


You were on level 3 of the Dungeon.
You visited 1 branch of the dungeon, and saw 3 of its levels.

You collected 125 gold pieces.

Inventory:

Hand Weapons
 g - the +10 hand axe "Loopy" (weapon) {heavy, rC+}
   (You found it on level 2 of the Dungeon)

   rC:        It protects you from cold.
Armour
 a - a +0 robe (worn)
Jewellery
 j - a ring of see invisible
Scrolls
 c - 4 scrolls of identify {unknown}
 d - a scroll of silence {unknown}
 e - a scroll of poison {unknown}
 h - a scroll of immolation {unknown}
Potions
 b - a potion of berserk rage {unknown}
 f - a potion of might {unknown}
 i - a potion of resistance {unknown}


   Skills:
 + Level 2.5 Fighting
 - Level 2.1 Dodging
 - Level 1.5 Stealth
 + Level 3.9 Spellcasting


You knew the following spells:

 Your Spells              Type           Power      Damage    Failure   Level
a - Magic Dart            Conj           84%        1d7       2%          1
d - Dazzling Flash        Conj/Hex       42%        N/A       7%          3
f - Fulminant Prism       Conj/Hex       10%        3d9       22%         4
o - Summon Small Mammal   Summ           84%        N/A       2%          1
s - Searing Ray           Conj           42%        2d6       3%          2
x - Iskenderun's Mystic   Conj/Tloc      21%        2d6       22%         4
Your spell library was empty.

Dungeon Overview and Level Annotations

Branches:
Dungeon (3/15)

Altars:


Innate Abilities, Weirdness & Mutations

You are immune to sickness and miasma.
You are immune to poison.
Your flesh is very heat resistant. (rF++)
You are vulnerable to cold. (rC-)
You float through the air rather than walking.
You learn spells naturally, not from books.
Your magical power is your life essence.
You have superior vitality. (+4 MHP)


Message History

The searing ray hits the black bear!
The black bear is heavily wounded.
The searing ray hits the black bear but does no damage.
The black bear is heavily wounded.
The searing ray hits the black bear.
The black bear is severely wounded.
You finish channelling your searing ray.
The black bear barely misses you. The black bear claws you.
The black bear claws you but does no damage.
Casting: Searing Ray (safe; 3% risk of failure)
Confirm with . or Enter, or press ? or * to list all spells.
Casting: Dazzling Flash (dangerous; 7% risk of failure)
Press: ? - help, Dir - look around, f - activate The black bear goes berserk!
Casting: Dazzling Flash (dangerous; 7% risk of failure)
Confirm with . or Enter, or press ? or * to list all spells.
The spell is extremely dangerous to miscast (22% risk of failure)!
Continue anyway?
Okay, then.
Unknown command.
Casting: Fulminant Prism (extremely dangerous; 22% risk of failure)
Confirm with . or Enter, or press ? or * to list all spells.
Aiming: Searing Ray (safe; 3% risk of failure)
Press: ? - help, Shift-Dir - straight line, f - black bear
Aim: a black bear (severely wounded, berserk, 84% to hit)
The searing ray hits the black bear!
The black bear is almost dead. (Press . to maintain the ray.)
The black bear bites you. The black bear completely misses you.
The black bear claws you.
The searing ray misses the black bear.
The black bear closely misses you. The black bear claws you.
* * * LOW HITPOINT WARNING * * *
The black bear claws you.
* * * LOW HITPOINT WARNING * * *
The black bear barely misses you. The black bear closely misses you. x2
The searing ray misses the black bear.
* * * LOW HITPOINT WARNING * * *
The black bear closely misses you. The black bear barely misses you.
The black bear claws you.
You die...

############....###
...................
######### #.......#....###
##.......####.#.#.########
## #........#......#.#
...#........#.##.#.#.#
#.#...........#.#.#.#
...........####.#...#
#.........h@..#####
#.....#.#######
##.#.....#.# .......<.#h#
.#.####..#.# # ......
.##...# #. #.#.# . .....


You could see a black bear (berserk).

Vanquished Creatures
  2 adders (D:2)
  A worm (D:2)
  2 dart slugs (D:1)
  6 ball pythons
  10 endoplasms
  2 giant cockroaches (D:1)
  2 goblins
  2 hobgoblins
  3 kobolds
  5 quokkas
  2 bats (D:1)
  2 frilled lizards
  6 rats
45 creatures vanquished.

Notes
Turn   | Place    | Note
-------+----------+-------------------------------------------
     0 | D:1      | bobo the Djinni Conjurer began the quest for the Orb.
     0 | D:1      | bobo set off with the following spells memorised: Magic
                  | Dart, Searing Ray, Dazzling Flash, Fulminant Prism,
                  | Iskenderun's Mystic Blast.
     0 | D:1      | Reached XP level 1. HP: 15/15 MP: 0/0
    77 | D:1      | Reached XP level 2. HP: 21/22 MP: 0/0
   102 | D:1      | Reached skill level 1 in Fighting
   444 | D:1      | Reached XP level 3. HP: 23/27 MP: 0/0
   444 | D:1      | Learned a level 1 spell: Summon Small Mammal
  1093 | D:2      | Reached XP level 4. HP: 28/33 MP: 0/0
  1144 | D:2      | Identified the +10 hand axe "Loopy" {heavy, rC+}
  1954 | D:3      | Noticed a black bear
  1972 | D:3      | Slain by a black bear

Illustrated notes

Levels and vault maps discovered:
D:1:      matt_arrival_diagonals, layout_basic
D:2:      layout_basic, serial_corexii_hall, corexii_hall_statues_t,
          corexii_hall_statues_x
D:3:      layout_basic, serial_shops, shop, minmay_unequal, uniq_natasha,
          uniq_crazy_yiuf_cottage

Skill      XL: |  1  2  3 |
---------------+----------+-----
Fighting       | 1 2 |  2.5
Dodging        | |  2.1
Stealth        | |  1.5
Spellcasting   | |  3.9

Action                     |  1- 3 |  4- 6 || total
---------------------------+-------+-------++-------
   Cast: Magic Dart        |    41 |    12 ||    53
         Searing Ray       |    13 |    13 ||    26
         Dazzling Flash    |       |     1 ||     1
 Armour: Robe              |       |     1 ||     1
  Dodge: Dodged            |     3 |     8 ||    11

Table legend: (Time is in decaauts)
 A = Elapsed time spent in this place.
 B = Non-inter-level travel time spent in this place.
 C = Inter-level travel time spent in this place.
 D = Time resting spent in this place.
 E = Time spent auto-exploring this place.
 F = Levels seen in this place.
 G = Mean time per level.
                   A        B        C        D        E       F      G
               +--------+--------+--------+--------+--------+-----+--------+
         Total |   1971 |   1937 |     34 |      0 |   1736 |   3 |  657.0 |
       Dungeon |   1971 |   1937 |     34 |      0 |   1736 |   3 |  657.0 |
               +--------+--------+--------+--------+--------+-----+--------+

Top non-repeatable levels by time:
     D:1: 1087 daAuts
     D:2: 574 daAuts
     D:3: 309 daAuts
